SAAA
ALLOWAY HALBERDS @ PLYMOUTH ROCKS
07/12/2034
 
TOP OF THE 1ST
Alloway Halberds batting - Pitching for Plymouth Rocks : RHP Arturo Gramer
Pitching: RHP Arturo Gramer
Batting: RHB Tom Boyer 0-0: Ball
1-0: Called Strike
1-1: SINGLE (Line Drive, 8RM)
Batting: RHB Kelly Harris 0-0: SINGLE (Line Drive, 78S)
Tom Boyer to second
Batting: LHB Mike Clifton 0-0: Ball
1-0: Swinging Strike
1-1: Ball
2-1: Foul Ball, location: 2F
2-2: Fly out, F7 (Flyball, 7S)
Batting: RHB Manny Gonzáles 0-0: Fly out, F6 (Popup, 15S)
Batting: RHB Carlos De Jesús 0-0: Called Strike
0-1: Ball
1-1: Foul Ball, location: 2F
1-2: Strikes out looking
Top of the 1st over - 0 runs, 2 hits, 0 errors, 2 left on base; Alloway 0 - Plymouth 0
BOTTOM OF THE 1ST
Plymouth Rocks batting - Pitching for Alloway Halberds : RHP John Ball
Pitching: RHP John Ball
Batting: RHB Silvio Bonauiti 0-0: Ball
1-0: Swinging Strike
1-1: Ball
2-1: Ball
3-1: Base on Balls
Batting: LHB Octávio Ontiveros 0-0: Foul Ball, location: 2F
0-1: Ball
1-1: Ball
2-1: Called Strike
2-2: Strikes out looking
Batting: RHB Ernesto Trevino 0-0: Ball
1-0: Swinging Strike
1-1: Ball
2-1: Fly out, F8 (Flyball, 8LM)
Batting: RHB Xi-ku See-to 0-0: Foul Ball, location: 2F
0-1: Ball
1-1: Swinging Strike
1-2: Ball
Silvio Bonauiti steals 2nd base
2-2: Foul Ball, location: 2F
2-2: Foul Ball, location: 2F
2-2: Ball
3-2: 2-RUN HOME RUN (Flyball, 78D), Distance : 444 ft
Batting: SHB Javier Vega 0-0: Ball
1-0: Ball
2-0: SINGLE (Groundball, 15S) (infield hit)
Batting: RHB Chang-lit Min 0-0: Ball
1-0: Ball
2-0: Fielders Choice at 2nd, 6-4 (Groundball, 6)
Bottom of the 1st over - 2 runs, 2 hits, 0 errors, 1 left on base; Alloway 0 - Plymouth 2
TOP OF THE 2ND
Alloway Halberds batting - Pitching for Plymouth Rocks : RHP Arturo Gramer
Batting: RHB Jordan Hollins 0-0: SINGLE (Groundball, 34D)
Batting: RHB Juan Salinas 0-0: Ball
1-0: Ball
2-0: Ball
3-0: Called Strike
3-1: Base on Balls
Jordan Hollins to second
Batting: RHB Cisco Hernández 0-0: Fly out, F9 (Flyball, 9D)
Runner from 2nd tags up, SAFE at 3rd, no throw
Batting: RHB Carlos Ramírez 0-0: Grounds into double play, 4-6-3 (Groundball, 4)
Top of the 2nd over - 0 runs, 1 hit, 0 errors, 1 left on base; Alloway 0 - Plymouth 2
BOTTOM OF THE 2ND
Plymouth Rocks batting - Pitching for Alloway Halberds : RHP John Ball
Batting: RHB Cosmo Bjorkenheim 0-0: Ball
1-0: Ball
2-0: Ball
3-0: Base on Balls
Batting: LHB Jeff Lawson 0-0: Called Strike
0-1: Ball
1-1: Ball
2-1: Foul Ball, location: 2F
2-2: Strikes out swinging
Batting: LHB Dae-ik Park 0-0: Called Strike
0-1: Ground out 3-1 (Groundball, 34)
Cosmo Bjorkenheim to second
Batting: RHB Silvio Bonauiti 0-0: Ball
1-0: Ball
2-0: Called Strike
2-1: Ball
3-1: Base on Balls
Batting: LHB Octávio Ontiveros 0-0: Called Strike
0-1: Ball
1-1: Swinging Strike
1-2: Strikes out swinging
Bottom of the 2nd over - 0 runs, 0 hits, 0 errors, 2 left on base; Alloway 0 - Plymouth 2
TOP OF THE 3RD
Alloway Halberds batting - Pitching for Plymouth Rocks : RHP Arturo Gramer
Batting: RHB Tom Boyer 0-0: Foul Ball, location: 2F
0-1: SINGLE (Groundball, 6MD)
Batting: RHB Kelly Harris 0-0: Swinging Strike
0-1: Swinging Strike
0-2: Ball
1-2: Fly out, F9 (Line Drive, 9)
Batting: LHB Mike Clifton 0-0: Ball
1-0: Swinging Strike
1-1: Ball
2-1: Ball
3-1: Grounds into double play, 4-6-3 (Groundball, 4)
Top of the 3rd over - 0 runs, 1 hit, 0 errors, 0 left on base; Alloway 0 - Plymouth 2
BOTTOM OF THE 3RD
Plymouth Rocks batting - Pitching for Alloway Halberds : RHP John Ball
Batting: RHB Ernesto Trevino 0-0: Ball
1-0: Fly out, F4 (Popup, 4MD)
Batting: RHB Xi-ku See-to 0-0: Called Strike
0-1: Ball
1-1: Ground out 6-3 (Groundball, 6)
Batting: SHB Javier Vega 0-0: Fly out, F7 (Flyball, 78M)
Bottom of the 3rd over - 0 runs, 0 hits, 0 errors, 0 left on base; Alloway 0 - Plymouth 2
TOP OF THE 4TH
Alloway Halberds batting - Pitching for Plymouth Rocks : RHP Arturo Gramer
Batting: RHB Manny Gonzáles 0-0: SINGLE (Groundball, 34D)
Batting: RHB Carlos De Jesús 0-0: Ball
1-0: Ball
2-0: Called Strike
2-1: Ball
3-1: Swinging Strike
3-2: Foul Ball, location: 2F
3-2: Fly out, F8 (Flyball, 78M)
Batting: RHB Jordan Hollins 0-0: Ball
1-0: Ball
2-0: Ball
3-0: Called Strike
3-1: Foul Ball, location: 2F
3-2: Foul Ball, location: 2F
3-2: Strikes out looking
Batting: RHB Juan Salinas 0-0: Called Strike
0-1: SINGLE (Flyball, 8RS)
Manny Gonzáles to second
Batting: RHB Cisco Hernández 0-0: Fly out, F8 (Flyball, 8RD)
Top of the 4th over - 0 runs, 2 hits, 0 errors, 2 left on base; Alloway 0 - Plymouth 2
BOTTOM OF THE 4TH
Plymouth Rocks batting - Pitching for Alloway Halberds : RHP John Ball
Batting: RHB Chang-lit Min 0-0: Called Strike
0-1: Ground out 6-3 (Groundball, 6)
Batting: RHB Cosmo Bjorkenheim 0-0: Ball
1-0: Ball
2-0: Fly out, F4 (Line Drive, 4)
Batting: LHB Jeff Lawson 0-0: Ground out 6-3 (Groundball, 6)
Bottom of the 4th over - 0 runs, 0 hits, 0 errors, 0 left on base; Alloway 0 - Plymouth 2
TOP OF THE 5TH
Alloway Halberds batting - Pitching for Plymouth Rocks : RHP Arturo Gramer
Batting: RHB Carlos Ramírez 0-0: Ball
1-0: Ball
2-0: SINGLE (Line Drive, 5D)
Batting: RHB Tom Boyer 0-0: Called Strike
0-1: Ball
1-1: Grounds into double play, 4-6-3 (Groundball, 4)
Batting: RHB Kelly Harris 0-0: Called Strike
0-1: Ball
1-1: Ground out 6-3 (Groundball, 6)
Top of the 5th over - 0 runs, 1 hit, 0 errors, 0 left on base; Alloway 0 - Plymouth 2
BOTTOM OF THE 5TH
Plymouth Rocks batting - Pitching for Alloway Halberds : RHP John Ball
Batting: LHB Dae-ik Park 0-0: Ground out 6-3 (Groundball, 6)
Batting: RHB Silvio Bonauiti 0-0: Ball
1-0: Foul Ball, location: 2F
1-1: Ball
2-1: Foul Ball, location: 2F
2-2: Ball
3-2: SINGLE (Line Drive, 56D)
Batting: LHB Octávio Ontiveros 0-0: Ball
1-0: Called Strike
1-1: Swinging Strike
1-2: Ball
2-2: Ball
3-2: Strikes out looking
Silvio Bonauiti steals 2nd base
Batter strikes out.
Batting: RHB Ernesto Trevino 0-0: Ball
1-0: Fly out, F6 (Line Drive, 6)
Bottom of the 5th over - 0 runs, 1 hit, 0 errors, 1 left on base; Alloway 0 - Plymouth 2
TOP OF THE 6TH
Alloway Halberds batting - Pitching for Plymouth Rocks : RHP Arturo Gramer
Batting: LHB Mike Clifton 0-0: Called Strike
0-1: Ball
1-1: Foul Ball, location: 2F
1-2: DOUBLE (Line Drive, 9LM)
Batting: RHB Manny Gonzáles 0-0: Fly out, F8 (Line Drive, 8LM)
Batting: RHB Carlos De Jesús 0-0: Foul Ball, location: 2F
0-1: Ball
1-1: Hit by Pitch
Batting: RHB Jordan Hollins 0-0: Called Strike
0-1: Ball
1-1: Grounds into double play, 3-6-1 (Groundball, 34)
Top of the 6th over - 0 runs, 1 hit, 0 errors, 1 left on base; Alloway 0 - Plymouth 2
BOTTOM OF THE 6TH
Plymouth Rocks batting - Pitching for Alloway Halberds : RHP John Ball
Batting: RHB Xi-ku See-to 0-0: Ball
1-0: Fly out, F5 (Line Drive, 5)
Batting: SHB Javier Vega 0-0: SINGLE (Line Drive, 8RM)
Batting: RHB Chang-lit Min 0-0: Called Strike
Javier Vega steals 2nd base
0-1: Ball
1-1: Foul Ball, location: 2F
1-2: Ground out 4-3 (Groundball, 4)
Javier Vega to third
Batting: RHB Cosmo Bjorkenheim 0-0: 2-RUN HOME RUN (Flyball, 7LD), Distance : 385 ft
Batting: LHB Jeff Lawson 0-0: Ball
1-0: Ball
2-0: Ground out 6-3 (Groundball, 6)
Bottom of the 6th over - 2 runs, 2 hits, 0 errors, 0 left on base; Alloway 0 - Plymouth 4
TOP OF THE 7TH
Alloway Halberds batting - Pitching for Plymouth Rocks : RHP Arturo Gramer
Batting: RHB Juan Salinas 0-0: Swinging Strike
0-1: Foul Ball, location: 2F
0-2: Ball
1-2: Ground out 4-3 (Groundball, 34)
Batting: RHB Cisco Hernández 0-0: Ball
1-0: Ground out 5-3 (Groundball, 56S)
Batting: RHB Carlos Ramírez 0-0: Called Strike
0-1: Ball
1-1: Called Strike
1-2: Strikes out swinging passed ball, reaches first!
Batting: RHB Tom Boyer 0-0: Called Strike
0-1: Ball
1-1: Called Strike
1-2: Ball
2-2: Foul Ball, location: 2F
2-2: Foul Ball, location: 2F
2-2: Foul Ball, location: 2F
2-2: Ball
3-2: Foul Ball, location: 2F
3-2: Fly out, F3 (Popup, 23F)
Top of the 7th over - 0 runs, 0 hits, 0 errors, 1 left on base; Alloway 0 - Plymouth 4
BOTTOM OF THE 7TH
Plymouth Rocks batting - Pitching for Alloway Halberds : RHP John Ball
Batting: LHB Dae-ik Park 0-0: Ball
1-0: Foul Ball, location: 2F
1-1: Ground out 4-3 (Groundball, 4)
Batting: RHB Silvio Bonauiti 0-0: SINGLE (Flyball, 78M)
Batting: LHB Octávio Ontiveros 0-0: Ball
1-0: Foul Ball, location: 2F
1-1: Ball
2-1: Foul Ball, location: 2F
2-2: Ball
3-2: SINGLE (Line Drive, 34D)
Silvio Bonauiti to second
Silvio Bonauiti to third
Batting: RHB Ernesto Trevino 0-0: SINGLE (Line Drive, 78S)
Silvio Bonauiti scores
Octávio Ontiveros to second
Pitching: RHP Manuel Montero
Batting: RHB Xi-ku See-to 0-0: Called Strike
0-1: SINGLE (Line Drive, 6M)
Octávio Ontiveros to third
Ernesto Trevino to second
Batting: SHB Javier Vega 0-0: Ball
1-0: Ball
2-0: Ball
3-0: Called Strike
3-1: Swinging Strike
3-2: Foul Ball, location: 2F
3-2: Strikes out looking
Batting: RHB Chang-lit Min 0-0: Ball
1-0: Ball
2-0: Ball
3-0: Base on Balls
Octávio Ontiveros scores
Ernesto Trevino to third
Xi-ku See-to to second
Batting: RHB Cosmo Bjorkenheim 0-0: Ball
1-0: Ball
2-0: Fly out, F8 (Flyball, 8RS)
Bottom of the 7th over - 2 runs, 4 hits, 0 errors, 3 left on base; Alloway 0 - Plymouth 6
TOP OF THE 8TH
Alloway Halberds batting - Pitching for Plymouth Rocks : RHP Arturo Gramer
Now in RF: Alfonso Grappasonni
Batting: RHB Kelly Harris 0-0: Ball
1-0: Called Strike
1-1: Swinging Strike
1-2: SINGLE (Groundball, 5) (infield hit)
Batting: LHB Mike Clifton 0-0: Ball
1-0: Called Strike
1-1: Foul Ball, location: 2F
1-2: Reached on error, E1 (Groundball, 15)
Kelly Harris to second
Pitching: LHP Rio Bavin
Batting: RHB Manny Gonzáles 0-0: Ball
1-0: Ball
2-0: Ball
3-0: Called Strike
3-1: Foul Ball, location: 2F
3-2: Hit by Pitch
Kelly Harris to third
Mike Clifton to second
Batting: RHB Carlos De Jesús 0-0: Called Strike
0-1: Ball
1-1: Foul Ball, location: 2F
1-2: Strikes out swinging
Batting: RHB Jordan Hollins 0-0: Fly out, F8 (Flyball, 8LM)
Runner from 3rd tags up, OUT at HOME
Top of the 8th over - 0 runs, 1 hit, 1 error, 2 left on base; Alloway 0 - Plymouth 6
BOTTOM OF THE 8TH
Plymouth Rocks batting - Pitching for Alloway Halberds : RHP Manuel Montero
Batting: LHB Jeff Lawson 0-0: Ball
1-0: DOUBLE (Groundball, 5L)
Batting: LHB Dae-ik Park 0-0: Called Strike
0-1: Ball
1-1: Swinging Strike
1-2: Strikes out looking
Batting: RHB Silvio Bonauiti 0-0: Swinging Strike
0-1: Called Strike
0-2: Ball
1-2: Ball
2-2: Ball
3-2: Base on Balls
Batting: LHB Octávio Ontiveros 0-0: Called Strike
0-1: Ball
1-1: Called Strike
1-2: Strikes out swinging
Batting: RHB Ernesto Trevino 0-0: Ball
1-0: Ball
2-0: Ball
3-0: Base on Balls
Jeff Lawson to third
Silvio Bonauiti to second
Batting: RHB Alfonso Grappasonni 0-0: Ball
1-0: Called Strike
1-1: Ball
2-1: Foul Ball, location: 2F
2-2: DOUBLE (Line Drive, 89D)
Jeff Lawson scores
Silvio Bonauiti scores
Ernesto Trevino to third
Runner from 3rd tries for Home, SAFE, no throw
Batting: SHB Javier Vega 0-0: Ball
1-0: Ball
2-0: Called Strike
2-1: Ball
3-1: Base on Balls
Batting: RHB Chang-lit Min 0-0: Ball
Wild Pitch!
Alfonso Grappasonni to third
Javier Vega to second
1-0: Ball
2-0: Ball
3-0: Called Strike
3-1: Base on Balls
Batting: RHB Cosmo Bjorkenheim 0-0: Called Strike
0-1: Ball
1-1: Ball
2-1: Ball
3-1: Base on Balls
Alfonso Grappasonni scores
Javier Vega to third
Chang-lit Min to second
Batting: LHB Jeff Lawson 0-0: Ground out 4-3 (Groundball, 4)
Bottom of the 8th over - 4 runs, 2 hits, 0 errors, 3 left on base; Alloway 0 - Plymouth 10
TOP OF THE 9TH
Alloway Halberds batting - Pitching for Plymouth Rocks : LHP Rio Bavin
Now at 3B: Kazu Hishida
Batting: RHB Juan Salinas 0-0: Foul Ball, location: 2F
0-1: Foul Ball, location: 2F
0-2: Strikes out looking
Batting: RHB Cisco Hernández 0-0: Foul Ball, location: 2F
0-1: Swinging Strike
0-2: Ball
1-2: Strikes out swinging
Batting: RHB Carlos Ramírez 0-0: Foul Ball, location: 2F
0-1: Called Strike
0-2: Ball
1-2: Foul Ball, location: 2F
1-2: Ball
2-2: Strikes out swinging, 2-3 out at first.
Top of the 9th over - 0 runs, 0 hits, 0 errors, 0 left on base; Alloway 0 - Plymouth 10
Friday, March 29th, 2019 - OOTP Baseball 18.8 Build 76